 Dungeon Crawl Stone Soup version 0.30-a0-218-gedb9141078 (webtiles) character file.

Game seed: 9772655335921312861

35 LnG the Caller (level 3, -1/19 HPs)
             Began as a Kobold Summoner on Oct 5, 2022.
             Slain by a goblin
             ... wielding a +0 club
             ... led by Robin
              (5 damage)
             ... on level 2 of the Dungeon.
             The game lasted 00:02:51 (933 turns).

LnG the Caller (Kobold Summoner)                     Turns: 933, Time: 00:02:51

Health: -1/19      AC:  2    Str:  5    XL:     3   Next: 52%
Magic:  1/6        EV: 15    Int: 18    God:
Gold:   39         SH:  0    Dex: 15    Spells: 0/6 levels left

rFire   . . .      SeeInvis .    g - +0 dagger
rCold   . . .      Faith    .    (no shield)
rNeg    . . .      Spirit   .    a - +0 robe
rPois   .          Reflect  .    (no helmet)
rElec   .          Harm     .    (no cloak)
rCorr   .          Rampage  .    (no gloves)
Will    .....                    (no boots)
Stlth   +++.......               (no amulet)
HPRegen 0.23/turn                (no ring)
MPRegen 0.10/turn                (no ring)

@: no status effects
A: small, no large weapons, nightstalker 3
a: no special abilities


You were on level 2 of the Dungeon.
You visited 1 branch of the dungeon, and saw 2 of its levels.

You collected 39 gold pieces.

Inventory:

Hand Weapons
 g - a +0 dagger (weapon)
Armour
 a - a +0 robe (worn)
Scrolls
 d - 2 scrolls of poison {unknown}
 e - a scroll of amnesia {unknown}
 i - a scroll of teleportation {unknown}
Potions
 b - a potion of magic
 c - a potion of flight {unknown}
 f - a potion of brilliance {unknown}
 h - a potion of heal wounds {unknown}


   Skills:
 + Level 0.1 Fighting
 + Level 0.3 Short Blades
 + Level 2.5 Dodging
 * Level 3.6 Stealth
 + Level 2.4 Spellcasting
 + Level 4.5 Summonings


You couldn't memorise any spells.
You knew the following spells:

 Your Spells              Type           Power      Damage    Failure   Level
a - Summon Small Mammal   Summ           72%        N/A       2%          1
b - Call Imp              Summ           18%        N/A       4%          2
c - Call Canine Familiar  Summ           18%        N/A       9%          3

Your spell library contained the following spells:

 Spells                   Type           Power      Damage    Failure   Level
 Summon Guardian Golem    Hex/Summ       10%        N/A       21%         3
 Summon Lightning Spire   Summ/Air       10%        N/A       56%         4


Dungeon Overview and Level Annotations

Branches:
Dungeon (2/15)

Altars:

Shops:
D:1 (

Annotations:
D:2 Robin


Innate Abilities, Weirdness & Mutations

You are small and have problems with some larger weapons.
You are completely attuned to the shadows.


Message History

The goblins go into a battle-frenzy!
A goblin comes into view. It is wielding a +0 club.
The goblin barely misses you.
Sorry, you're not good enough to have a special ability.
Unknown command.
Casting: Summon Small Mammal (safe; 2% risk of failure)
Confirm with . or Enter, or press ? or * to list all spells.
The spell is extremely dangerous to miscast (9% risk of failure)!
Continue anyway?
The goblin hits you with a +0 dagger. The goblin misses you.
The goblin hits you with a +0 club. The goblin misses you.
You swap places.
Your hound bites the goblin.
The goblin dies!
The goblin barely misses your hound. Something hits your hound.
Your hound closely misses the goblin.
Something barely misses your hound.
The goblin hits your hound with a +0 dagger.
Your hound bites the goblin.
The goblin dies!
The goblin hits your hound but does no damage.
You hit the goblin.
The goblin is severely wounded.
Your hound bites the goblin.
Something barely misses your hound. The goblin barely misses your hound.
The goblin misses you.
You hit the goblin.
You kill the goblin!
Your hound bites the goblin.
The goblin dies!
Robin throws the goblin at you!
Your hound barely misses the goblin.
The goblin hits your hound with a +0 dagger.
The goblin barely misses you. Something barely misses your hound.
Casting: Call Canine Familiar (extremely dangerous; 9% risk of failure)
Confirm with . or Enter, or press ? or * to list all spells.
A beastly little devil appears in a puff of flame.
Your hound completely misses the goblin.
The goblin hits your hound with a +0 dagger.
The hobgoblin misses you.
Something hits your hound but does no damage.
The goblin hits you with a +0 club.
* * * LOW HITPOINT WARNING * * *
The goblin attacks as you move away! The goblin hits you with a +0 club.
You die...

#..# ##..#
.......##...#
....g..##.#.##
.......##.#..####.
...gggg##.##..#...
#.h## #.###...##
###.g###..##.....
....g@...........
P..PPPP.....P....
...♣♣♣5.P♣♣♣..P♣♣
... ♣..P♣ ♣P.P♣ ..
♣P..♣ P..♣


You could see 2 hobgoblins, 2 goblins, a friendly hound (summoned) and a
friendly crimson imp (summoned).

Vanquished Creatures
  A dart slug (D:1)
  3 endoplasms (D:1)
  2 giant cockroaches
  A goblin (D:2)
  2 hobgoblins
  2 kobolds (D:1)
  A quokka (D:1)
  2 ball pythons
  A bat (D:1)
  3 frilled lizards (D:1)
18 creatures vanquished.

Vanquished Creatures (collateral kills)
  2 endoplasms (D:1)
  2 hobgoblins (D:1)
  A quokka (D:1)
  A frilled lizard (D:1)
  4 goblins
10 creatures vanquished.

Vanquished Creatures (others)
  3 plants (D:2)
3 creatures vanquished.

Grand Total: 31 creatures vanquished

Notes
Turn   | Place    | Note
-------+----------+-------------------------------------------
     0 | D:1      | LnG the Kobold Summoner began the quest for the Orb.
     0 | D:1      | Reached XP level 1. HP: 10/10 MP: 3/3
   236 | D:1      | Reached XP level 2. HP: 15/15 MP: 5/5
   239 | D:1      | Learned a level 2 spell: Call Imp
   310 | D:1      | Found Yffitat's Weapon Shop.
   456 | D:1      | Reached XP level 3. HP: 11/19 MP: 4/6
   460 | D:1      | Learned a level 3 spell: Call Canine Familiar
   925 | D:2      | Noticed Robin
   933 | D:2      | Slain by a goblin

Illustrated notes

Levels and vault maps discovered:
D:1:      roderic_octagonal_star, layout_loops_ring, serial_shops, shop
D:2:      layout_rooms, dreamdust_ecumenical_altar_drowned_temple,
          minmay_misc_feat_room, kennysheep_boxes, uniq_robin

Skill      XL: |  1  2 |
---------------+-------+-----
Stealth        | 3 |  3.6
Fighting       | |  0.1
Short Blades   | |  0.3
Dodging        | |  2.5
Spellcasting   | |  2.4
Summonings     | |  4.5

Action                   || total
-------------------------++-------
Melee: Dagger            ||    49
       Unarmed           ||     3
 Cast: Summon Small Mamm ||     7
       Call Imp          ||     1
       Call Canine Famil ||     1
 Stab: Sleeping          ||    11
       Distracted        ||     1
Armor: Robe              ||     4
Dodge: Dodged            ||    35

Table legend: (Time is in decaauts)
 A = Elapsed time spent in this place.
 B = Non-inter-level travel time spent in this place.
 C = Inter-level travel time spent in this place.
 D = Time resting spent in this place.
 E = Time spent auto-exploring this place.
 F = Levels seen in this place.
 G = Mean time per level.
                   A        B        C        D        E       F      G
               +--------+--------+--------+--------+--------+-----+--------+
         Total |    931 |    877 |     54 |      0 |    703 |   2 |  465.5 |
       Dungeon |    931 |    877 |     54 |      0 |    703 |   2 |  465.5 |
               +--------+--------+--------+--------+--------+-----+--------+

Top non-repeatable levels by time:
     D:1: 887 daAuts
     D:2: 44 daAuts
